 Dungeon Crawl Stone Soup version 0.31-a0-229-g1fc7ce93e2 (webtiles) character file.

Game seed: 9820919469317729223

28 qw the Shooter (level 3, -2/21 HPs)
             Began as a Gargoyle Hexslinger on July 6, 2023.
             Slain by a phantom (3 damage)
             ... on level 3 of the Dungeon.
             The game lasted 00:00:27 (1281 turns).

qw the Shooter (Gargoyle Hexslinger)                Turns: 1281, Time: 00:00:27

Health: -2/21      AC:  7    Str: 11    XL:     3   Next: 12%
Magic:  4/4        EV: 11    Int: 13    God:
Gold:   129        SH:  0    Dex: 14    Spells: 3/4 levels left

rFire   . . .        Y - +1 sling
rCold   . . .        (no shield)
rNeg    + . .        d - +0 leather armour
rPois   inf          (no helmet)
rElec   +            (no cloak)
rCorr   .            e - +0 pair of gloves
SInv    .            (no boots)
Will    .....        (no amulet)
Stlth   +            (no ring)
HPRegen 0.23/turn    (no ring)
MPRegen 0.09/turn

%: no passive effects
@: no status effects
A: sickness immunity, AC +3, negative energy resistance 1, electricity
resistance, torment resistance 1, petrification resistance
a: no special abilities


You were on level 3 of the Dungeon.
You visited 1 branch of the dungeon, and saw 3 of its levels.

You collected 129 gold pieces.


Innate Abilities, Weirdness & Mutations

You are immune to sickness and miasma.
Your stone body is resilient. (AC +3)
You are immune to poison.
You resist negative energy. (rN+)
You are resistant to electric shocks. (rElec)
You are resistant to unholy torment.
You are immune to petrification.


   Skills:
 - Level 2.0 Fighting
 + Level 3.1 Ranged Weapons
 - Level 1.5 Dodging
 - Level 1.0 Spellcasting
 - Level 2.6 Hexes


You had 3 spell levels left.
You knew the following spells:

 Your Spells              Type           Power      Damage    Failure   Level
a - Slow                  Hex            28%        N/A       12%         1

Your spell library contained the following spells:

 Spells                   Type           Power      Damage    Failure   Level
 Inner Flame              Hex/Fire       4%         N/A       54%         3
 Portal Projectile        Hex/Tloc       8%         N/A       54%         3
 Cause Fear               Hex            3%         N/A       77%         4

Inventory:

Hand Weapons
 Y - a +1 sling (weapon)
Armour
 d - a +0 leather armour (worn)
 e - a +0 pair of gloves (worn)
Jewellery
 f - an amulet of reflection
Wands
 g - a wand of digging (3)
Scrolls
 a - a scroll of identify
 b - a scroll of vulnerability {unknown}
Potions
 c - a potion of haste
 h - a potion of curing {unknown}

Dungeon Overview and Level Annotations

Branches:
Dungeon (3/15)

Altars:
Dithmenos


Message History

The phantom is heavily damaged.
The phantom hits you but does no damage.
You shoot a sling bullet. The sling bullet hits the phantom.
The phantom is severely damaged.
The phantom hits you but does no damage. x2
You shoot a sling bullet.
The sling bullet barely misses the phantom.
The phantom completely misses you.
You shoot a sling bullet.
The sling bullet closely misses the phantom.
The phantom closely misses you.
You shoot a sling bullet.
The sling bullet barely misses the phantom.
The phantom hits you but does no damage.
The phantom closely misses you.
You shoot a sling bullet.
The sling bullet hits the phantom but does no damage.
The phantom is heavily damaged.
The phantom hits you.
You shoot a sling bullet. The sling bullet hits the phantom.
The phantom is severely damaged.
The phantom closely misses you.
You shoot a sling bullet. The sling bullet hits the phantom.
The phantom is severely damaged.
The phantom barely misses you.
You shoot a sling bullet. The sling bullet hits the phantom.
The phantom is almost destroyed.
The phantom hits you but does no damage.
The phantom hits you.
You shoot a sling bullet.
The sling bullet closely misses the phantom.
The phantom hits you.
You shoot a sling bullet. The sling bullet hits the phantom.
The phantom is almost destroyed.
The phantom hits you.
You shoot a sling bullet. The sling bullet hits the phantom.
The phantom is almost destroyed.
The phantom hits you but does no damage.
The phantom hits you.
You die...

.##.# ### ..... ..#
.### #.# ..# ##/##
..# ...# (.# #
##..# #.# #. #...#
#.# #.##.#.# ..#
########....@.# ..#
#..>..##.....W#
..###.....##.##.#.#
..........##. #.#.#
.####.....## #...#
.# #.....# ###.# .#
########.####.# .#
#......# .#
#############.#


You could see a phantom.

Vanquished Creatures
  An endoplasm (D:1)
  5 goblins
  A hobgoblin (D:1)
  A quokka (D:2)
  5 ball pythons
  3 bats
  2 frilled lizards
  7 kobolds
  2 rats (D:1)
27 creatures vanquished.

Notes
Turn   | Place    | Note
-------+----------+-------------------------------------------
     0 | D:1      | qw the Gargoyle Hexslinger began the quest for the Orb.
     0 | D:1      | Reached XP level 1. HP: 12/12 MP: 2/2
     0 | D:1      | 0 ||| qw: Version: 0.3-a-46-gb1f654a
     0 | D:1      | 0 ||| qw: Game counter: 1328
     0 | D:1      | 0 ||| qw: Melee chars always use a shield: true
     0 | D:1      | 0 ||| qw: God list: Okawaru
     0 | D:1      | 0 ||| qw: Allow faded altars: false
     0 | D:1      | 0 ||| qw: Do Orc after clearing Dungeon:15 true
     0 | D:1      | 0 ||| qw: Do second Lair branch before Depths: true
     0 | D:1      | 0 ||| qw: Lair rune preference: random
     0 | D:1      | 0 ||| qw: Goals: Normal
     0 | D:1      | 0 ||| PLANNING D:1-11
   242 | D:1      | Reached XP level 2. HP: 16/16 MP: 3/3
   463 | D:1      | Found a faded altar of an unknown god.
   632 | D:1      | 632 ||| UPGRADING to +0 leather armour.
   642 | D:1      | 642 ||| DROPPING +0 robe.
   643 | D:1      | 643 ||| UPGRADING to +0 pair of gloves.
   648 | D:1      | 648 ||| READING 2 scrolls labelled IMAITENAAL.
   649 | D:1      | 649 ||| DROPPING scroll of poison.
   675 | D:2      | 675 ||| STAIRDANCE
   692 | D:2      | 692 ||| STAIRDANCE
   700 | D:1      | Reached skill level 3 in Ranged Weapons
  1079 | D:2      | 1079 ||| READING scroll labelled HAGREO ESYDAACW.
  1080 | D:2      | 1080 ||| READING scroll labelled NEDA JANUSE.
  1084 | D:2      | 1084 ||| READING 3 scrolls of identify.
  1084 | D:2      | 1084 ||| IDENTIFYING fuming green potion
  1085 | D:2      | 1085 ||| READING 2 scrolls of identify.
  1085 | D:2      | 1085 ||| IDENTIFYING glowing emerald potion
  1086 | D:2      | 1086 ||| DROPPING potion of invisibility.
  1115 | D:3      | Found a shadowy altar of Dithmenos.
  1125 | D:3      | Reached XP level 3. HP: 21/21 MP: 4/4
  1256 | D:3      | Noticed a phantom
  1279 | D:3      | HP: 5/21 [phantom (5)]
  1280 | D:3      | HP: 1/21 [phantom (5)]
  1281 | D:3      | Slain by a phantom

Levels and vault maps discovered:
D:1:      elethiomel_arrival_quiet, layout_loops_ring,
          ebering_ecumenical_altar_mist, st_stairs_9
D:2:      layout_basic
D:3:      layout_loops_cross, nicolae_dithmenos_the_darkroom,
          mainiacjoe_overflow_24_doors, pf_just_have_faith, grunt_ministairs_9

Skill      XL: |  1  2 |
---------------+-------+-----
Ranged Weapons | 3 |  3.1
Fighting       | 2 |  2.0
Dodging        | |  1.5
Spellcasting   | |  1.0
Hexes          | |  2.6

Action                     || total
---------------------------++-------
   Fire: Sling             ||    98
    Use: Scroll            ||     5
 Armour: Robe              ||     5
         Leather armour    ||    34
  Dodge: Dodged            ||    40

Table legend:
 A = Non-vault XP
 B = Vault XP
 C = Vault XP percentage of total XP
 D = Non-vault monster count
 E = Vault monster count
 F = Vault count percentage of total count
                 A         B        C        D         E       F
            +---------+---------+-------+---------+---------+-------
      Total |      37 |       3 |   7.5 |      25 |       2 |   7.4
            +---------+---------+-------+---------+---------+-------
        D:1 |      12 |       3 |  20.0 |       9 |       2 |  18.2
        D:2 |      17 |       0 |   0.0 |      11 |       0 |   0.0
        D:3 |       8 |       0 |   0.0 |       5 |       0 |   0.0
            +---------+---------+-------+---------+---------+-------
